TOP OF THE 1ST |
Danville Veterans batting - Pitching for Appleton Foxes : RHP George DeMaria
|
Pitching: RHP George DeMaria
|
|
Batting: RHB Billy Hatcher
|
0-0: Ball 1-0: Fly out, F9 (Flyball, 89D, EV 100.0 MPH)
|
Batting: SHB Donnie Hill
|
0-0: Called Strike 0-1: Fly out, F7 (Flyball, 7LM, EV 109.4 MPH)
|
Batting: LHB Mark Salas
|
0-0: Ball 1-0: Fly out, F9 (Flyball, 89S, EV 83.8 MPH)
|
Top of the 1st over - 0 runs, 0 hits, 0 errors, 0 left on base; Danville 0 - Appleton 0 |
BOTTOM OF THE 1ST |
Appleton Foxes batting - Pitching for Danville Veterans : LHP Donald Johnson
|
Pitching: LHP Donald Johnson
|
|
Batting: LHB Mike Woodard
|
0-0: Ball 1-0: Swinging Strike 1-1: Ball 2-1: Foul Ball, location: 2F 2-2: Fly out, F9 (Flyball, 9LS, EV 78.8 MPH)
|
Batting: RHB George Hinshaw
|
0-0: Ball 1-0: Foul Ball, location: 2F 1-1: Fly out, F8 (Flyball, 8RS, EV 95.0 MPH)
|
Batting: RHB Chris Brown
|
0-0: Fly out, F9 (Flyball, 9LS, EV 81.9 MPH)
|
Bottom of the 1st over - 0 runs, 0 hits, 0 errors, 0 left on base; Danville 0 - Appleton 0 |
TOP OF THE 2ND |
Danville Veterans batting - Pitching for Appleton Foxes : RHP George DeMaria
|
Batting: RHB Barry Brunenkant
|
0-0: Ball 1-0: Ball 2-0: Ball 3-0: Called Strike 3-1: Foul Ball, location: 2F 3-2: Fly out, F9 (Flyball, 89M, EV 90.0 MPH)
|
Batting: RHB Joseph Soprano
|
0-0: Ball 1-0: Called Strike 1-1: Fly out, F8 (Flyball, 8LD, EV 95.6 MPH)
|
Batting: RHB Ed Saavedra
|
0-0: Ball 1-0: Ball 2-0: Swinging Strike 2-1: Ball 3-1: Base on Balls
|
Batting: RHB Vincent Pone
|
0-0: Ball 1-0: Swinging Strike 1-1: Called Strike 1-2: Ball 2-2: Ball 3-2: Foul Ball, location: 2F 3-2: Strikes out swinging
|
Top of the 2nd over - 0 runs, 0 hits, 0 errors, 1 left on base; Danville 0 - Appleton 0 |
BOTTOM OF THE 2ND |
Appleton Foxes batting - Pitching for Danville Veterans : LHP Donald Johnson
|
Batting: RHB Douglas Lulay
|
0-0: Called Strike 0-1: Ball 1-1: Foul Ball, location: 2F 1-2: Ball 2-2: DOUBLE (Line Drive, 9LS, EV 92.5 MPH)
|
Batting: SHB Matt Gallegos
|
0-0: Fly out, F7 (Flyball, 78S, EV 95.6 MPH)
|
Batting: LHB Juan Bustabad
|
0-0: Swinging Strike 0-1: SINGLE (Groundball, 4MD, EV 106.3 MPH) Douglas Lulay to third Runner from 3rd tries for Home, SAFE, throw by CF to home
|
Batting: RHB Peter Rowe
|
0-0: Called Strike Juan Bustabad steals 2nd base (no throw) 0-1: Fly out, F8 (Flyball, 89D, EV 95.6 MPH) Runner from 2nd tags up, SAFE at 3rd, no throw by CF
|
Batting: LHB John Csefalvay
|
0-0: Fly out, F9 (Line Drive, 89M, EV 103.8 MPH)
|
Bottom of the 2nd over - 1 run, 2 hits, 0 errors, 1 left on base; Danville 0 - Appleton 1 |
TOP OF THE 3RD |
Danville Veterans batting - Pitching for Appleton Foxes : RHP George DeMaria
|
Batting: RHB Jeff Moronko
|
0-0: Ball 1-0: Ball 2-0: Called Strike 2-1: Ball 3-1: SINGLE (Flyball, 78S, EV 91.3 MPH)
|
Batting: RHB Jeff Hall
|
0-0: Called Strike 0-1: Called Strike 0-2: Ball 1-2: Strikes out swinging
|
Batting: RHB Billy Hatcher
|
0-0: Ball 1-0: Fly out, F9 (Line Drive, 9, EV 96.9 MPH)
|
Batting: SHB Donnie Hill
|
0-0: Called Strike 0-1: Ball 1-1: Ball 2-1: SINGLE (Groundball, 4MS, EV 67.5 MPH) (infield hit) Jeff Moronko to second
|
Batting: LHB Mark Salas
|
0-0: Ball 1-0: Ball 2-0: 3-RUN HOME RUN (Flyball, 9D, EV 94.4 MPH), Distance : 384 ft
|
Batting: RHB Barry Brunenkant
|
0-0: Fly out, F9 (Flyball, 9S, EV 81.3 MPH)
|
Top of the 3rd over - 3 runs, 3 hits, 0 errors, 0 left on base; Danville 3 - Appleton 1 |
BOTTOM OF THE 3RD |
Appleton Foxes batting - Pitching for Danville Veterans : LHP Donald Johnson
|
Batting: RHB Philip Sutton
|
0-0: Foul Ball, location: 2F 0-1: Ball 1-1: Foul Ball, location: 2F 1-2: Fly out, F8 (Line Drive, 8RD, EV 86.3 MPH)
|
Batting: LHB Mike Woodard
|
0-0: Ball 1-0: Ball 2-0: Swinging Strike 2-1: Ball 3-1: Foul Ball, location: 2F 3-2: Foul Ball, location: 2F 3-2: Base on Balls
|
Batting: RHB George Hinshaw
|
0-0: Ball 1-0: Ball 2-0: Foul Ball, location: 2F 2-1: Called Strike 2-2: Grounds into double play, 6-4-3 (Groundball, 6M, EV 92.5 MPH)
|
Bottom of the 3rd over - 0 runs, 0 hits, 0 errors, 0 left on base; Danville 3 - Appleton 1 |
TOP OF THE 4TH |
Danville Veterans batting - Pitching for Appleton Foxes : RHP George DeMaria
|
Batting: RHB Joseph Soprano
|
0-0: Foul Ball, location: 2F 0-1: Ground out 4-3 (Groundball, 4, EV 86.9 MPH)
|
Batting: RHB Ed Saavedra
|
0-0: Ball 1-0: Called Strike 1-1: Called Strike 1-2: Ball 2-2: SOLO HOME RUN (Flyball, 7LD, EV 90.0 MPH), Distance : 365 ft
|
Batting: RHB Vincent Pone
|
0-0: Ball 1-0: Called Strike 1-1: Ball 2-1: Swinging Strike 2-2: Ball 3-2: Foul Ball, location: 2F 3-2: Fly out, F4 (Popup, 34S, EV 89.4 MPH)
|
Batting: RHB Jeff Moronko
|
0-0: Ball 1-0: Ball 2-0: Called Strike 2-1: Ball 3-1: Called Strike 3-2: Ground out 6-3 (Groundball, 6, EV 86.3 MPH)
|
Top of the 4th over - 1 run, 1 hit, 0 errors, 0 left on base; Danville 4 - Appleton 1 |
BOTTOM OF THE 4TH |
Appleton Foxes batting - Pitching for Danville Veterans : LHP Donald Johnson
|
Batting: RHB Chris Brown
|
0-0: Called Strike 0-1: Ball 1-1: Ground out 6-3 (Groundball, 6, EV 92.5 MPH)
|
Batting: RHB Douglas Lulay
|
0-0: Ball 1-0: Swinging Strike 1-1: Foul Ball, location: 2F 1-2: SINGLE (Line Drive, 7S, EV 93.8 MPH)
|
Batting: SHB Matt Gallegos
|
0-0: Called Strike 0-1: Reached via error on a dropped throw from 1B, E1 (Groundball, 34S, EV 69.4 MPH) Douglas Lulay to second
|
Batting: LHB Juan Bustabad
|
0-0: Ball 1-0: Ball 2-0: Ball 3-0: Called Strike 3-1: Fly out, F9 (Flyball, 89S, EV 75.6 MPH)
|
Batting: RHB Peter Rowe
|
0-0: Ball 1-0: Foul Ball, location: 2F 1-1: SINGLE (Groundball, 4D, EV 96.9 MPH) Douglas Lulay to third Matt Gallegos to second Runner from 3rd tries for Home, SAFE, throw by CF to home
|
Batting: LHB John Csefalvay
|
0-0: Ground out 6-3 (Groundball, 6S, EV 83.8 MPH)
|
Bottom of the 4th over - 1 run, 2 hits, 1 error, 2 left on base; Danville 4 - Appleton 2 |
TOP OF THE 5TH |
Danville Veterans batting - Pitching for Appleton Foxes : RHP George DeMaria
|
Batting: RHB Jeff Hall
|
0-0: Ball 1-0: Foul Ball, location: 2F 1-1: Ground out 1-3 (Groundball, 15S, EV 61.9 MPH)
|
Batting: RHB Billy Hatcher
|
0-0: Ball 1-0: Ground out 4-3 (Groundball, 4, EV 107.5 MPH)
|
Batting: SHB Donnie Hill
|
0-0: Ground out 6-3 (Groundball, 6, EV 98.8 MPH)
|
Top of the 5th over - 0 runs, 0 hits, 0 errors, 0 left on base; Danville 4 - Appleton 2 |
BOTTOM OF THE 5TH |
Appleton Foxes batting - Pitching for Danville Veterans : LHP Donald Johnson
|
Batting: RHB Philip Sutton
|
0-0: Fly out, F7 (Flyball, 7D, EV 96.9 MPH)
|
Batting: LHB Mike Woodard
|
0-0: Ground out U3 (Groundball, 3, EV 101.9 MPH)
|
Batting: RHB George Hinshaw
|
0-0: Ball 1-0: SINGLE (Groundball, 6MD, EV 82.5 MPH) (infield hit)
|
Batting: RHB Chris Brown
|
0-0: Called Strike 0-1: Ball 1-1: Ball George Hinshaw steals 2nd base (no throw) 2-1: Swinging Strike 2-2: Foul Ball, location: 2F 2-2: DOUBLE (Line Drive, 78D, EV 110.6 MPH) George Hinshaw scores
|
Batting: RHB Douglas Lulay
|
0-0: SINGLE (Line Drive, 56D, EV 97.5 MPH) Chris Brown to third Runner from 3rd tries for Home, SAFE, throw by LF to home
|
Batting: SHB Matt Gallegos
|
0-0: Foul Ball, location: 2F 0-1: Ball Douglas Lulay is caught stealing 2nd base 2-4
|
Bottom of the 5th over - 2 runs, 3 hits, 0 errors, 0 left on base; Danville 4 - Appleton 4 |
TOP OF THE 6TH |
Danville Veterans batting - Pitching for Appleton Foxes : RHP George DeMaria
|
Batting: LHB Mark Salas
|
0-0: Fly out, F7 (Flyball, 78D, EV 96.3 MPH)
|
Batting: RHB Barry Brunenkant
|
0-0: Ball 1-0: Ball 2-0: Ground out U3 (Groundball, 34, EV 106.3 MPH)
|
Batting: RHB Joseph Soprano
|
0-0: Called Strike 0-1: Ball 1-1: Foul Ball, location: 2F 1-2: Foul Ball, location: 2F 1-2: Ball 2-2: Strikes out swinging
|
Top of the 6th over - 0 runs, 0 hits, 0 errors, 0 left on base; Danville 4 - Appleton 4 |
BOTTOM OF THE 6TH |
Appleton Foxes batting - Pitching for Danville Veterans : LHP Donald Johnson
|
Batting: SHB Matt Gallegos
|
0-0: Called Strike 0-1: Ground out 5-3 (Groundball, 5L, EV 100.6 MPH)
|
Batting: LHB Juan Bustabad
|
0-0: Fly out, F8 (Flyball, 8LD, EV 84.4 MPH)
|
Batting: RHB Peter Rowe
|
0-0: Ball 1-0: Called Strike 1-1: Foul Ball, location: 2F 1-2: Foul Ball, location: 2F 1-2: SOLO HOME RUN (Flyball, 78XD, EV 96.3 MPH), Distance : 411 ft
|
Batting: LHB John Csefalvay
|
0-0: Ball 1-0: Called Strike 1-1: Ground out 1-3 (Groundball, 13, EV 68.8 MPH)
|
Bottom of the 6th over - 1 run, 1 hit, 0 errors, 0 left on base; Danville 4 - Appleton 5 |
TOP OF THE 7TH |
Danville Veterans batting - Pitching for Appleton Foxes : RHP George DeMaria
|
Batting: RHB Ed Saavedra
|
0-0: Fly out, F8 (Flyball, 78D, EV 88.1 MPH)
|
Batting: RHB Vincent Pone
|
0-0: Called Strike 0-1: Foul Ball, location: 2F 0-2: Ball 1-2: Fly out, F9 (Line Drive, 9, EV 90.0 MPH)
|
Batting: RHB Jeff Moronko
|
0-0: Called Strike 0-1: Swinging Strike 0-2: Strikes out swinging, 2-3 out at first.
|
Top of the 7th over - 0 runs, 0 hits, 0 errors, 0 left on base; Danville 4 - Appleton 5 |
BOTTOM OF THE 7TH |
Appleton Foxes batting - Pitching for Danville Veterans : LHP Donald Johnson
|
Batting: RHB Philip Sutton
|
0-0: Called Strike 0-1: Ground out 6-3 (Groundball, 6, EV 85.0 MPH)
|
Batting: LHB Mike Woodard
|
0-0: Ball 1-0: Foul Ball, location: 2F 1-1: Swinging Strike 1-2: Foul Ball, location: 2F 1-2: Ball 2-2: Ground out 6-3 (Groundball, 6, EV 88.1 MPH)
|
Batting: RHB George Hinshaw
|
0-0: Called Strike 0-1: Called Strike 0-2: Fly out, F9 (Line Drive, 9, EV 103.8 MPH)
|
Bottom of the 7th over - 0 runs, 0 hits, 0 errors, 0 left on base; Danville 4 - Appleton 5 |
TOP OF THE 8TH |
Danville Veterans batting - Pitching for Appleton Foxes : RHP George DeMaria
|
Batting: RHB Jeff Hall
|
0-0: Called Strike 0-1: Ball 1-1: Called Strike 1-2: DOUBLE (Flyball, 8RXD, EV 93.1 MPH)
|
Batting: RHB Billy Hatcher
|
0-0: Ground out 5-3 (Groundball, 56, EV 75.6 MPH)
|
Batting: SHB Donnie Hill
|
0-0: Ball 1-0: Called Strike 1-1: Fly out, F7 (Flyball, 7S, EV 79.4 MPH)
|
Batting: LHB Mark Salas
|
0-0: Foul Ball, location: 2F 0-1: Ground out 6-3 (Groundball, 6MS, EV 81.9 MPH)
|
Top of the 8th over - 0 runs, 1 hit, 0 errors, 1 left on base; Danville 4 - Appleton 5 |
BOTTOM OF THE 8TH |
Appleton Foxes batting - Pitching for Danville Veterans : LHP Donald Johnson
|
Batting: RHB Chris Brown
|
0-0: Called Strike 0-1: Foul Ball, location: 2F 0-2: Ball 1-2: Ground out 5-3 (Groundball, 56S, EV 81.9 MPH)
|
Batting: RHB Douglas Lulay
|
0-0: Ball 1-0: Ball 2-0: Foul Ball, location: 2F 2-1: Ball 3-1: Fly out, F8 (Flyball, 8RM, EV 91.9 MPH)
|
Batting: SHB Matt Gallegos
|
0-0: Foul Ball, location: 2F 0-1: Ground out 5-3 (Groundball, 56S, EV 83.1 MPH)
|
Bottom of the 8th over - 0 runs, 0 hits, 0 errors, 0 left on base; Danville 4 - Appleton 5 |
TOP OF THE 9TH |
Danville Veterans batting - Pitching for Appleton Foxes : RHP George DeMaria
|
Pitching: RHP Jaime Cocanower
|
|
Batting: RHB Barry Brunenkant
|
0-0: Called Strike 0-1: Swinging Strike 0-2: Ball 1-2: Foul Ball, location: 2F 1-2: Ball 2-2: Ball 3-2: Fly out, F8 (Line Drive, 8RM, EV 91.9 MPH)
|
Batting: RHB Joseph Soprano
|
0-0: Called Strike 0-1: Ball 1-1: Foul Ball, location: 2F 1-2: Foul Ball, location: 2F 1-2: Foul Ball, location: 2F 1-2: Foul Ball, location: 2F 1-2: Fly out, F3 (Line Drive, 3, EV 70.6 MPH)
|
Batting: RHB Ed Saavedra
|
0-0: Swinging Strike 0-1: Swinging Strike 0-2: Foul Ball, location: 2F 0-2: Strikes out swinging
|
Top of the 9th over - 0 runs, 0 hits, 0 errors, 0 left on base; Danville 4 - Appleton 5 |
|